 Dungeon Crawl Stone Soup version 0.23-a0-391-g8c51ad5 (webtiles) character file.

296 Cryolive the Digger (level 6, 0/33 HPs)
             Began as a Gargoyle Earth Elementalist on Oct 30, 2018.
             Slain by an ogre
             ... wielding a +0 giant club
              (25 damage)
             ... on level 4 of the Dungeon.
             The game lasted 00:08:02 (3955 turns).

Cryolive the Digger (Gargoyle Earth Elementalist)   Turns: 3955, Time: 00:08:02

Health: 0/33       AC:  8    Str: 12    XL:     6   Next: 34%
Magic:  11/11      EV: 12    Int: 17    God:
Gold:   140        SH:  0    Dex: 10    Spells: 4/12 levels left

rFire    . . .     SeeInvis .   s - +0 quarterstaff
rCold    . . .     Gourm    .   (shield currently unavailable)
rNeg     + . .     Faith    .   c - +0 robe
rPois    ∞         Spirit   .   n - +1 helmet
rElec    +         Reflect  .   (no cloak)
rCorr    .         Harm     .   (no gloves)
MR       .....                  (no boots)
Stlth    ++........             (no amulet)
HPRegen  0.11/turn              (no ring)
MPRegen  0.12/turn              (no ring)

@: no status effects
A: negative energy resistance 1, electricity resistance, unbreathing,
petrification resistance, rot immunity, AC +4
a: no special abilities


You were on level 4 of the Dungeon.
You were not hungry.

You visited 1 branch of the dungeon, and saw 4 of its levels.

You collected 140 gold pieces.

Inventory:

Hand Weapons
 s - a +0 quarterstaff (weapon)
Missiles
 b - 147 stones (quivered)
Armour
 c - a +0 robe (worn)
 n - a +1 helmet (worn)
Scrolls
 e - 3 scrolls of amnesia {unknown}
 f - a scroll of random uselessness {unknown}
 i - a scroll of magic mapping {unknown}
 j - 2 scrolls of enchant armour {unknown}
 l - 2 scrolls of identify {unknown}
 p - a scroll of enchant weapon {unknown}
 r - a scroll of blinking {unknown}
Potions
 a - a potion of lignification {unknown}
 g - 3 potions of flight {unknown}
 h - 2 potions of curing {unknown}
 k - 2 potions of brilliance {unknown}
 m - a potion of invisibility {unknown}
 o - 2 potions of ambrosia {unknown}
 q - a potion of might {unknown}
Comestibles
 d - 6 rations
 t - 4 chunks of flesh


   Skills:
 + Level 0.5 Fighting
 + Level 0.3 Staves
 + Level 0.6 Armour
 + Level 1.7 Dodging
 - Level 2.1 Stealth
 + Level 3.8 Spellcasting
 + Level 3.1 Conjurations
 - Level 0.7 Transmutations
 + Level 5.6 Earth Magic


You had 4 spell levels left.
You knew the following spells:

 Your Spells              Type           Power        Failure   Level  Hunger
a - Sandblast             Erth           ###...       1%          1    None
b - Stone Arrow           Conj/Erth      ###...       9%          3    ###....
c - Petrify               Tmut/Erth      ##......     41%         4    ####...

Your spell library contained the following spells:

 Spells                   Type           Power        Failure   Level  Hunger
 Passwall                 Tmut/Erth      ##......     7%          2    ##.....
 Lee's Rapid Deconstruct  Erth           ###.......   41%         5    ######.


Dungeon Overview and Level Annotations

Branches:
Dungeon (4/15)
 Temple: D:4-7

Altars:
Ashenzari
Fedhas
Hepliaklqana
Beogh

Annotations:
D:3 3 runed doors, PinaColada's ghost, weakling MfTm


Innate Abilities, Weirdness & Mutations

You are resistant to torment.
Your stone body is resilient. (AC +4)
You are immune to poison.
You resist negative energy. (rN+)
You are resistant to electric shocks. (rElec)
You can survive without breathing.
You are immune to petrification.
You are immune to rotting.


Message History

No target in view!
No target in view!
No target in view!
No target in view!
No target in view!
No target in view!
No target in view!
No target in view!
No target in view!
No target in view!
An ogre comes into view. It is wielding a +0 giant club.
The helpless ogre fails to defend itself.
You sock the ogre!
The ogre is moderately wounded.
The ogre hits you with a +0 giant club!
You hit the ogre.
The ogre is heavily wounded.
The ogre hits you with a +0 giant club!!
Ouch! That really hurt!
You die...

#...####
####.#....#
#.##.####.#
#....#....###
###.##†#......#
#####^...########.#
...#.#...........#
##O#.#.#.........#
#..@.#.....#######
#.####..#<.#.+
##........##.####
>##.....).....#
#.#.)########
#.......# #######.#
#.# #.#


You could see an ogre.

Vanquished Creatures
  Natasha (thrice) (D:2)
  8 gnolls
  6 adders
  A worm (D:3)
  2 dart slugs
  2 leopard geckos (D:3)
  6 orcs
  4 ball pythons
  6 bats
  6 giant cockroaches
  9 goblins
  3 hobgoblins
  3 jackals (D:2)
  2 quokkas
  4 frilled lizards
  11 kobolds
  8 rats
84 creatures vanquished.

Notes
Turn   | Place    | Note
-------+----------+-------------------------------------------
     0 | D:1      | Cryolive the Gargoyle Earth Elementalist began the quest
                  | for the Orb.
     0 | D:1      | Reached XP level 1. HP: 10/10 MP: 3/3
   454 | D:1      | Reached XP level 2. HP: 11/15 MP: 5/5
   455 | D:1      | Reached skill level 4 in Earth Magic
  1051 | D:1      | Reached XP level 3. HP: 19/19 MP: 6/6
  1056 | D:1      | Learned a level 3 spell: Stone Arrow
  1667 | D:2      | Reached skill level 1 in Conjurations
  1667 | D:2      | Reached XP level 4. HP: 24/24 MP: 2/8
  1811 | D:2      | Noticed Natasha
  1920 | D:2      | Killed Natasha
  1920 | D:2      | Reached skill level 5 in Earth Magic
  1920 | D:2      | Reached XP level 5. HP: 28/28 MP: 2/9
  1958 | D:2      | Noticed Natasha
  1960 | D:2      | Killed Natasha
  2122 | D:2      | Found a hazy altar of Hepliaklqana.
  2122 | D:2      | Found a blossoming altar of Fedhas.
  2123 | D:2      | Found a shattered altar of Ashenzari.
  2220 | D:2      | Noticed Natasha
  2224 | D:2      | Killed Natasha
  2473 | D:3      | Found a runed gate.
  2474 | D:3      | Found a runed gate.
  2475 | D:3      | Found a runed gate.
  2475 | D:3      | Noticed PinaColada's ghost (weakling MfTm)
  2494 | D:3      | Found a roughly hewn altar of Beogh.
  2793 | D:3      | Learned a level 4 spell: Petrify
  3216 | D:3      | Reached XP level 6. HP: 31/32 MP: 11/11
  3955 | D:4      | Slain by an ogre

Vault maps used:
D:1:      sevenhm_arrival_forest_fort_large_1, serial_forest,
          infiniplex_forest_split, infiniplex_forest_straight_4,
          infiniplex_forest_straight_5, infiniplex_forest_lined_corner,
          infiniplex_forest_lined_3, infiniplex_forest_join,
          infiniplex_forest_lined_room_, infiniplex_forest_clump_long,
          skrybe_limestone_x, minmay_pentomino_q4
D:2:      gammafunk_temple_overflow_claw, first_ration, uniq_natasha
D:3:      biasface_ghost_orc_armoury, st_stairs_3
D:4:      kennysheep_mini, enter_ossuary_4, uniq_grinder

Skill      XL: |  1  2  3  4  5  6 |
---------------+-------------------+-----
Earth Magic    | 4 5 |  5.6
Spellcasting   | 3 |  3.8
Conjurations   | 1 2 3 |  3.1
Fighting       | |  0.5
Staves         | |  0.3
Armour         | |  0.6
Dodging        | |  1.7
Stealth        | |  2.1
Transmutations | |  0.7

Action                   |  1- 3 |  4- 6 || total
-------------------------+-------+-------++-------
Melee: Hand axe          |   101 |   135 ||   236
       Quarterstaff      |       |    28 ||    28
 Cast: Sandblast         |     4 |    25 ||    29
       Stone Arrow       |     2 |     8 ||    10
 Stab: Sleeping          |     4 |     5 ||     9
  Eat: Chunk             |     2 |     9 ||    11
Armor: Robe              |    43 |    79 ||   122
Dodge: Dodged            |    94 |   143 ||   237

Table legend:
 A = Non-vault XP
 B = Vault XP
 C = Vault XP percentage of total XP
 D = Non-vault monster count
 E = Vault monster count
 F = Vault count percentage of total count
                 A         B        C        D         E       F
            +---------+---------+-------+---------+---------+-------
      Total |     383 |      40 |   9.5 |      80 |       4 |   4.8
            +---------+---------+-------+---------+---------+-------
        D:1 |      35 |       2 |   5.4 |      22 |       1 |   4.3
        D:2 |     194 |      35 |  15.3 |      23 |       1 |   4.2
        D:3 |     146 |       3 |   2.0 |      31 |       2 |   6.1
        D:4 |       8 |       0 |   0.0 |       4 |       0 |   0.0
            +---------+---------+-------+---------+---------+-------
